 Dungeon Crawl Stone Soup version 0.28-a0-1033-g1a2f33fa85 (webtiles) character file.

Game seed: 6032873932662586121

41 wakim the Caller (level 3, -1/28 HPs)
             Began as a Gnoll Wanderer on Dec 8, 2021.
             Slain by a gnoll (2 damage)
             ... on level 2 of the Dungeon.
             The game lasted 00:02:53 (1847 turns).

wakim the Caller (Gnoll Wanderer)                   Turns: 1847, Time: 00:02:53

Health: -1/28      AC:  2    Str: 11    XL:     3   Next: 52%
Magic:  8/9        EV: 11    Int: 13    God:
Gold:   27         SH:  0    Dex: 11    Spells: 10/12 levels left

rFire   . . .      SeeInvis .   a - +0 hand axe
rCold   . . .      Faith    .   (no shield)
rNeg    . . .      Spirit   .   c - +0 robe
rPois   .          Reflect  .   (no helmet)
rElec   .          Harm     .   (no cloak)
rCorr   .          Rampage  .   (no gloves)
Will    .....                   (no boots)
Stlth   +.........              (no amulet)
HPRegen 0.09/turn               (no ring)
MPRegen 0.11/turn               (no ring)

@: no status effects
A: fangs 1, strong nose, distributed training
a: no special abilities


You were on level 2 of the Dungeon.
You visited 1 branch of the dungeon, and saw 2 of its levels.

You collected 27 gold pieces.

Inventory:

Hand Weapons
 a - a +0 hand axe (weapon)
Armour
 c - a +0 robe (worn)
 d - a +2 kite shield
Scrolls
 f - a scroll of identify {unknown}
 g - a scroll of fog {unknown}
 T - a scroll of teleportation
Potions
 b - a potion of heal wounds {unknown}
 e - 2 potions of berserk rage {unknown}


   Skills:
 + Level 2.6 Fighting
 + Level 0.8 Short Blades
 + Level 0.8 Long Blades
 + Level 2.6 Axes
 + Level 0.8 Maces & Flails
 + Level 0.8 Polearms
 + Level 0.8 Staves
 + Level 0.8 Slings
 + Level 0.8 Bows
 + Level 0.8 Crossbows
 + Level 2.6 Throwing
 + Level 2.6 Armour
 + Level 0.8 Dodging
 + Level 0.8 Stealth
 + Level 2.6 Shields
 + Level 0.8 Unarmed Combat
 + Level 5.0 Spellcasting
 + Level 0.5 Conjurations
 + Level 0.5 Hexes
 + Level 5.4 Summonings
 + Level 0.5 Necromancy
 + Level 0.5 Translocations
 + Level 0.5 Transmutations
 + Level 0.5 Fire Magic
 + Level 0.5 Ice Magic
 + Level 0.5 Air Magic
 + Level 0.5 Earth Magic
 + Level 0.5 Poison Magic
 + Level 1.0 Invocations
 + Level 0.8 Evocations


You had 10 spell levels left.
You knew the following spells:

 Your Spells              Type           Power      Damage    Failure   Level
x - Call Imp              Summ           17%        N/A       3%          2

Your spell library contained the following spells:

 Spells                   Type           Power      Damage    Failure   Level
 Magic Dart               Conj           16%        1d3       14%         1
 Slow                     Hex            16%        N/A       14%         1
 Blink                    Tloc           8%         N/A       22%         2
 Conjure Flame            Conj/Fire      4%         6-21      41%         3
 Mephitic Cloud           Conj/Pois/Air  4%         N/A       41%         3


Dungeon Overview and Level Annotations

Branches:
Dungeon (2/15)

Altars:


Innate Abilities, Weirdness & Mutations

You have very sharp teeth.
Your uncanny sense of smell can sniff out nearby items.
Your experience applies equally to all skills.


Message History

You hit the adder. Your bite misses the adder.
The adder is severely wounded.
You feel sick. The adder bites you.
Your crimson imp hits the adder.
The adder dies!
Your Invocations skill increases to level 1!
You start resting.
You feel sick. x2
You are no longer poisoned.
You start resting.
Magic restored.
A gnoll is nearby!
Unknown command.
You climb upwards.
Your summoned ally is left behind.
There is a stone staircase leading down here.
You start resting.
HP restored.
You climb downwards.
The gnoll hits you from afar with a +0 spear.
There is a stone staircase leading up, spattered with blood here.
A beastly little devil appears in a puff of flame.
The gnoll hits you from afar with a +0 spear.
The gnoll hits you with a +0 spear.
* * * LOW HITPOINT WARNING * * *
You hit the gnoll.
The gnoll is lightly wounded.
The gnoll hits you with a +0 spear!
* * * LOW HITPOINT WARNING * * *
The gnoll completely misses you.
Your crimson imp hits the gnoll but does no damage.
The gnoll barely misses you.
Your crimson imp hits the gnoll.
You hit the gnoll but do no damage. Your bite misses the gnoll.
The gnoll is moderately wounded.
The gnoll hits you with a +0 spear.
* * * LOW HITPOINT WARNING * * *
Your crimson imp misses the gnoll.
You hit the gnoll.
The gnoll is heavily wounded.
The gnoll hits you with a +0 spear.
* * * LOW HITPOINT WARNING * * *
Your crimson imp misses the gnoll.
The gnoll hits you with a +0 spear.
You die...

∆ # #. #. #..
#.### #...#
##.####<####
#......5g@.#
#...###.##...#
## #..###.#
.#.# .# .. ..
. #.# ### ..
#. ## #. ∆ #


You could see a gnoll (ally target) and a friendly crimson imp (summoned).

Vanquished Creatures
  A gnoll (D:1)
  A dart slug (D:1)
  An endoplasm (D:1)
  A giant cockroach (D:1)
  A goblin (D:1)
  A hobgoblin (D:1)
  2 jackals (D:1)
  A kobold (D:1)
  A ball python (D:1)
  A bat (D:1)
  3 frilled lizards (D:1)
  3 rats (D:1)
17 creatures vanquished.

Vanquished Creatures (collateral kills)
  An adder (D:2)
  A goblin (D:1)
  A kobold (D:2)
  A quokka (D:2)
4 creatures vanquished.

Grand Total: 21 creatures vanquished

Notes
Turn   | Place    | Note
-------+----------+-------------------------------------------
     0 | D:1      | wakim the Gnoll Wanderer began the quest for the Orb.
     0 | D:1      | wakim set off with the following items: a +0 hand axe, a +0
                  | robe, a scroll of teleportation; and the following spells
                  | available to memorise: Call Imp, Magic Dart, Slow, Blink,
                  | Conjure Flame, Mephitic Cloud
     0 | D:1      | Reached XP level 1. HP: 17/17 MP: 6/6
   268 | D:1      | Reached XP level 2. HP: 11/23 MP: 7/7
  1183 | D:1      | Learned a level 2 spell: Call Imp
  1577 | D:1      | Reached skill level 5 in Spellcasting
  1577 | D:1      | Reached XP level 3. HP: 19/28 MP: 7/9
  1681 | D:2      | Reached skill level 1 in Invocations
  1847 | D:2      | HP: 1/28 [gnoll (4)]
  1847 | D:2      | Slain by a gnoll

Illustrated notes

Levels and vault maps discovered:
D:1:      dpeg_arrival_tiny_a, layout_basic
D:2:      layout_rooms, basic_altar,
          dreamdust_ecumenical_altar_hidden_monk_grotto

Skill      XL: |  1  2  3 |
---------------+----------+-----
Spellcasting   | 5 |  5.0
Invocations    | 1 |  1.0
Fighting       | |  2.6
Short Blades   | |  0.8
Long Blades    | |  0.8
Axes           | |  2.6
Maces & Flails | |  0.8
Polearms       | |  0.8
Staves         | |  0.8
Slings         | |  0.8
Bows           | |  0.8
Crossbows      | |  0.8
Throwing       | |  2.6
Armour         | |  2.6
Dodging        | |  0.8
Stealth        | |  0.8
Shields        | |  2.6
Unarmed Combat | |  0.8
Conjurations   | |  0.5
Hexes          | |  0.5
Summonings     | |  5.4
Necromancy     | |  0.5
Translocations | |  0.5
Transmutations | |  0.5
Fire Magic     | |  0.5
Ice Magic      | |  0.5
Air Magic      | |  0.5
Earth Magic    | |  0.5
Poison Magic   | |  0.5
Evocations     | |  0.8

Action                   || total
-------------------------++-------
Melee: Hand axe          ||    60
       Bite              ||     5
 Cast: Call Imp          ||     5
Armor: Robe              ||    10
Dodge: Dodged            ||    34
Block: Kite shield       ||     7

Table legend: (Time is in decaauts)
 A = Elapsed time spent in this place.
 B = Non-inter-level travel time spent in this place.
 C = Inter-level travel time spent in this place.
 D = Time resting spent in this place.
 E = Time spent auto-exploring this place.
 F = Levels seen in this place.
 G = Mean time per level.
                   A        B        C        D        E       F      G
               +--------+--------+--------+--------+--------+-----+--------+
         Total |   1863 |   1767 |     96 |    155 |   1395 |   2 |  931.5 |
       Dungeon |   1863 |   1767 |     96 |    155 |   1395 |   2 |  931.5 |
               +--------+--------+--------+--------+--------+-----+--------+

Top non-repeatable levels by time:
     D:1: 1698 daAuts
     D:2: 164 daAuts
